 Dungeon Crawl Stone Soup version 0.24-a0-584-g9d6b971 (webtiles) character file.

Game seed: 15752029370189710901, levelgen mode: deterministic

8863 paralogiki the Grappler (level 11, -7/113 HPs)
             Began as a Troll Monk on Sept 7, 2019.
             Was a High Priest of Okawaru.
             Mangled by a sixfirhy (10 damage)
             ... on level 1 of the Abyss.
             The game lasted 00:21:46 (8436 turns).

paralogiki the Grappler (Troll Monk)                Turns: 8436, Time: 00:21:47

Health: -7/113     AC: 10    Str: 22    XL:     11   Next: 15%
Magic:  12/14      EV: 17    Int:  8    God:    Okawaru [*****.]
Gold:   512        SH:  0    Dex: 15    Spells: 10/10 levels left

rFire    + . .     SeeInvis +     - Unarmed
rCold    + . .     Gourm    +   (no shield)
rNeg     . . .     Faith    .   y - +0 troll leather armour {regen}
rPois    .         Spirit   .   (helmet restricted)
rElec    .         Reflect  .   F - scarf {rC+ rF+}
rCorr    .         Harm     .   (gloves unavailable)
MR       +....                  (boots unavailable)
Stlth    +++.......             (no amulet)
HPRegen  1.08/turn              C - ring of the Octopus King {AC+1 EV+1 Str+1 Int+1 Dex+1 SInv}
MPRegen  0.14/turn              E - ring of protection from magic {MR+, !d}

@: heroism
A: large, unfitting armour, claws 3, fast metabolism 3, gourmand, regeneration
1, shaggy fur 1, tough skin 3
a: Heroism, Finesse, Renounce Religion


You were on level 1 of the Abyss.
You worshipped Okawaru.
Okawaru was extremely pleased with you.
You were full.

You visited 1 branch of the dungeon, and saw 11 of its levels.
You visited the Abyss 1 time.
You also visited: Sewer.

You collected 512 gold pieces.

Inventory:

Hand Weapons
 b - the +8 storm bow {elec, penet}
   (You found it on level 7 of the Dungeon)

   It charges the ammunition it shoots with electricity; occasionally upon a
   hit, such missiles may discharge and cause terrible harm.
   Ammo fired by it will pass through the targets it hits, potentially hitting
   all targets in its path until it reaches maximum range.
Missiles
 l - 342 stones
 r - 3 javelins (quivered)
 v - 78 arrows
 z - 2 throwing nets {=f, !d}
Armour
 s - a +1 robe of magic resistance
   (You took it off an orc wizard on level 3 of the Dungeon)
 y - a +0 troll leather armour (worn) {regen}
   (You found it on level 7 of the Dungeon)
 F - a scarf of resistance (worn)
   (Okawaru gifted it to you on level 7 of the Dungeon)
Jewellery
 c - a +5 ring of strength
   (You found it on level 4 of the Dungeon)
 C - a ring of the Octopus King (left claw) {AC+1 EV+1 Str+1 Int+1 Dex+1 SInv}
   (You found it on level 6 of the Dungeon)

   [ring of see invisible]

   It affects your AC (+1).
   It affects your evasion (+1).
   It affects your strength (+1).
   It affects your intelligence (+1).
   It affects your dexterity (+1).
   It lets you see invisible.
 E - a ring of protection from magic (right claw) {MR+, !d}
   (You took it off a gnoll on level 6 of the Dungeon)
Wands
 p - a wand of paralysis (9)
   (You found it on level 3 of the Dungeon)
 J - a wand of polymorph (8)
   (You found it on level 9 of the Dungeon)
 M - a wand of flame (20)
   (You found it on level 10 of the Dungeon)
 N - a wand of acid (4)
   (You found it on level 10 of the Dungeon)
Scrolls
 d - 2 scrolls of fear {unknown}
 f - 9 scrolls of identify {@r1}
 k - 4 scrolls of remove curse {@r2}
 q - a scroll of enchant armour {unknown}
 t - 5 scrolls of teleportation
 w - 2 scrolls of immolation {unknown}
 B - 2 scrolls of amnesia {unknown}
 G - a scroll of random uselessness {unknown}
 H - a scroll of fog {unknown}
 L - a scroll of magic mapping {unknown}
Potions
 a - 5 potions of flight
 e - 5 potions of resistance {unknown}
 g - a potion of might {unknown}
 h - a potion of cancellation {unknown}
 i - a potion of degeneration {unknown}
 j - 2 potions of brilliance
 m - 4 potions of heal wounds {unknown}
 n - 4 potions of lignification {!q}
 o - 2 potions of mutation {unknown}
 u - 2 potions of curing {@q1}
 x - 2 potions of berserk rage {unknown}
 A - 2 potions of haste {unknown}
 D - 4 potions of agility {unknown}
Comestibles
 I - 23 rations


   Skills:
 * Level 8.9(13.9) Fighting
 + Level 3.9(8.9) Armour
 - Level 5.0(10.0) Dodging
 - Level 1.3(6.3) Stealth
 * Level 10.4(15.4) Unarmed Combat
 + Level 6.2 Invocations


You had 10 spell levels left.
You didn't know any spells.
Your spell library was empty.

Dungeon Overview and Level Annotations

Branches:
Dungeon (11/15)            Temple (0/1) D:4           Sewer (visited)
   Lair: D:8-11         Orc: D:9-12

Altars:
Ashenzari
Cheibriados
Elyvilon
Fedhas
Gozag
Hepliaklqana
Kikubaaqudgha
Okawaru
Qazlal
Sif Muna
Trog
Uskayaw
Wu Jian
Xom
Yredelemnul
The Shining One


Innate Abilities, Weirdness & Mutations

You are too large for most types of armour.
You have claws for hands.
Your metabolism is lightning-fast.
You like to eat raw meat.
Your natural rate of healing is unusually fast.
You are covered in fur. (AC +1)
You have extremely tough skin. (AC +3)


Message History

Found a stone staircase leading up.
There is a stone staircase leading up here.
An orc comes into view. It is wielding a +0 falchion.
The orc shouts!
You hear a shout!
An orc and an orc wizard come into view.
The orc is wielding a +0 hand axe of distortion.
There is a stone staircase leading up here.
Throwing (i - inventory. (/) - cycle)
r - 5 javelins (quivered)
Okay, then.
The orc barely misses you.
An orc comes into view. It is wielding a +0 whip.
The orc shouts!
You scratch the orc. You claw the orc.
You kill the orc!
Throwing (i - inventory. (/) - cycle)
r - 5 javelins (quivered)
Aim: an orc, wielding a +0 hand axe of distortion You throw a javelin.
The javelin pierces through the orc.
Throwing (i - inventory. (/) - cycle)
r - 4 javelins (quivered)
Aim: an orc, wielding a +0 hand axe of distortion (severely wounded)
You throw a javelin. The javelin barely misses the orc.
You hear a shout!
The orc closely misses you.
You scratch the orc but do no damage. The orc hits you but does no damage.
You are cast into the Abyss!
To return, you must find a gate leading back.
Killing monsters will force the Abyss to allow you passage.
This branch contains the abyssal rune of Zot.
There is an empty arch of ancient stone here.
There is nothing on the other side of the stone arch.
There is nothing on the other side of the stone arch.
A wretched star comes into view.
You see here a potion of lignification {!q}.
A wraith comes into view.
You claw the wraith! The wraith hits you! The wraith drains your vigour!
You feel yourself slow down.
You take 8 damage, and have 105/113 hp.
You barely miss the wraith. The wraith closely misses you.
Unknown command.
You closely miss the wraith. The wraith closely misses you.
You mangle the wraith!!
The wraith hits you but does no damage. x2
You regained 2 hp, and now have 109/113 hp.
You scratch the wraith.
You destroy the wraith!
Okawaru accepts your kill.
You regained 2 hp, and now have 112/113 hp.
Health restored: 113 You feel yourself speed up.
Put on which piece of jewellery? (? for menu, Esc to quit)
You're wearing all the rings you can.
Remove which one? (? for menu, Esc to cancel) < or
C - a ring of the Octopus King {AC+1 EV+1 Str+1 Int+1 Dex+1 SInv} > or
c - a +5 ring of strength You remove your +5 ring of strength.
You feel weaker.
E - a ring of protection from magic (right claw) {MR+, !d} The white imp shouts, "Remove thy stench, thou defiled clapper-clawed reprobate!"
The white imp gestures at you. The puff of frost hits you. You resist.
You take 3 damage, and have 110/113 hp.
The white imp hits you but does no damage.
You claw the white imp! Your claw misses the white imp.
A sixfirhy comes into view.
The white imp hits you but does no damage.
The sixfirhy moves out of view.
Health restored: 113 You closely miss the white imp.
The white imp hits you but does no damage.
You closely miss the white imp. You claw the white imp!
You kill the white imp!
Okawaru accepts your kill.
The sixfirhy is too close now for your liking.
The sixfirhy hits you! The sixfirhy shocks you!
You take 18 damage, and have 95/113 hp.
You mangle the sixfirhy!! You closely miss the sixfirhy.
You mangle the sixfirhy!! You closely miss the sixfirhy.
The sixfirhy closely misses you. The sixfirhy barely misses you.
The sixfirhy hits you! The sixfirhy shocks you!
The sixfirhy hits you but does no damage.
You take 20 damage, and have 77/113 hp.
You miss the sixfirhy. The sixfirhy hits you! The sixfirhy shocks you!
The sixfirhy hits you! The sixfirhy shocks you!
* * * LOW HITPOINT WARNING * * *
The sixfirhy hits you.
* * * LOW HITPOINT WARNING * * *
The sixfirhy shocks you!
* * * LOW HITPOINT WARNING * * *
You take 59 damage, and have 18/113 hp.
MASSIVE DAMAGE!!
You gain the combat prowess of a mighty hero.
The sixfirhy hits you.
* * * LOW HITPOINT WARNING * * *
The sixfirhy shocks you!
* * * LOW HITPOINT WARNING * * *
You take 14 damage, and have 4/113 hp.
You now have 12/14 mp.
The sixfirhy hits you.
* * * LOW HITPOINT WARNING * * *
The sixfirhy shocks you!
You die...

#.. .# # #.. ....
# #### # .#.#.#..
.##.. # .#
#..##..#. . ...#.
#...#..#.#..##...#
#....###.##.# .
#.......#...##....
. ##..#..#.......#
###..#@#.#. .#
#....3...# .#..
#...[.#.#...# #
#.#..#..##.#....
.#...#.## .#####
#.## .% .. #. #..
... #.. ##.. ###
..#


You could see a sixfirhy.

Vanquished Creatures
  3 two-headed ogres
  Joseph (D:8)
  2 trolls
  Grinder (D:6)
  2 hippogriffs
  A wraith (Abyss:1)
  5 yaks (D:8)
  A hungry ghost (D:10)
  2 water moccasins
  A hornet zombie (D:8)
  An ice beast (D:10)
  2 black bears
  A sky beast (D:8)
  5 ogres
  2 orc warriors
  A necrophage (D:6)
  A phantom (D:6)
  3 centaurs
  6 bullfrogs
  A gnoll sergeant (D:6)
  A wyvern skeleton (D:6)
  3 scorpions
  12 killer bees
  5 wights (D:7)
  A howler monkey (D:6)
  A centaur zombie (D:5)
  3 crimson imps
  A bullfrog zombie (D:8)
  A jelly (D:6)
  2 bullfrog skeletons
  5 hounds
  A centaur skeleton (D:10)
  4 orc priests
  7 orc wizards
  2 iguanas
  A merfolk siren (Sewer)
  9 worker ants
  A merfolk avatar (Sewer)
  2 hound zombies
  A hound skeleton (D:10)
  13 gnolls
  2 river rats
  9 adders
  A shadow imp (D:5)
  A white imp (Abyss:1)
  2 oozes
  3 adder zombies
  2 worms
  An adder skeleton (D:2)
  3 dart slugs
  9 leopard geckos
  32 orcs
  4 ball pythons (Sewer)
  7 bats
  6 giant cockroaches
  4 goblins
  6 hobgoblins
  12 jackals
  9 kobolds
  7 quokkas
  10 frilled lizards
  A leopard gecko skeleton (D:8)
  2 quokka skeletons
  34 rats
285 creatures vanquished.

Notes
Turn   | Place    | Note
-------+----------+-------------------------------------------
     0 | D:1      | paralogiki the Troll Monk began the quest for the Orb.
     0 | D:1      | Reached XP level 1. HP: 22/22 MP: 0/0
   142 | D:1      | Reached XP level 2. HP: 29/29 MP: 1/1
   692 | D:2      | Reached XP level 3. HP: 29/36 MP: 2/2
   749 | D:2      | Found an iron altar of Okawaru.
   884 | D:2      | Reached skill level 3 in Fighting
  1045 | D:2      | Found a glowing golden altar of the Shining One.
  1263 | D:2      | Reached XP level 4. HP: 45/45 MP: 3/3
  1310 | D:2      | Found a snail-covered altar of Cheibriados.
  1460 | D:2      | Became a worshipper of Warmaster Okawaru
  1460 | D:2      | Reached * piety under Okawaru
  1460 | D:2      | Reached ** piety under Okawaru
  1609 | D:3      | Reached skill level 4 in Unarmed Combat
  1711 | D:3      | Reached XP level 5. HP: 37/53 MP: 4/4
  1760 | D:3      | Reached skill level 3 in Dodging
  1894 | D:3      | Reached skill level 1 in Invocations
  1907 | D:3      | Found a basalt altar of Yredelemnul.
  2517 | D:4      | Found a glowing drain.
  2530 | Sewer    | Entered a sewer
  2553 | Sewer    | Reached XP level 6. HP: 62/62 MP: 6/6
  3073 | D:4      | Found a stormy altar of Qazlal.
  3074 | D:4      | Found a blossoming altar of Fedhas.
  3145 | D:4      | Reached skill level 4 in Fighting
  3145 | D:4      | Reached skill level 5 in Unarmed Combat
  3145 | D:4      | Reached skill level 2 in Invocations
  3234 | D:4      | Found an opulent altar of Gozag.
  3234 | D:4      | Found a shattered altar of Ashenzari.
  3406 | D:4      | Reached XP level 7. HP: 71/71 MP: 7/7
  3413 | D:4      | Found a staircase to the Ecumenical Temple.
  3787 | D:5      | Entered Level 5 of the Dungeon
  3813 | D:5      | Reached *** piety under Okawaru
  3992 | D:5      | Found an ornate altar of the Wu Jian Council.
  3996 | D:5      | Found a shimmering altar of Xom.
  4127 | D:5      | Noticed a hippogriff
  4138 | D:5      | Killed a hippogriff
  4138 | D:5      | Reached skill level 5 in Fighting
  4138 | D:5      | Reached skill level 6 in Unarmed Combat
  4138 | D:5      | Reached skill level 3 in Invocations
  4138 | D:5      | Reached XP level 8. HP: 39/80 MP: 9/9
  4317 | D:5      | Found a white marble altar of Elyvilon.
  4318 | D:5      | Found a shimmering blue altar of Sif Muna.
  4334 | D:5      | Reached skill level 4 in Dodging
  4803 | D:6      | Noticed Grinder
  4813 | D:6      | Killed Grinder
  4813 | D:6      | Reached **** piety under Okawaru
  4866 | D:6      | Found the ring of the Octopus King
  4873 | D:6      | Got a ring of the Octopus King
  5298 | D:6      | Reached skill level 7 in Unarmed Combat
  5340 | D:6      | Reached skill level 6 in Fighting
  5396 | D:6      | Identified a ring of the Octopus King {AC+1 EV+1 Str+1
                  | Int+1 Dex+1 SInv} (You found it on level 6 of the Dungeon)
  5512 | D:6      | Reached skill level 4 in Invocations
  5512 | D:6      | Reached XP level 9. HP: 89/89 MP: 9/11
  5515 | D:6      | Reached ***** piety under Okawaru
  5754 | D:7      | Noticed a troll
  5768 | D:7      | Killed a troll
  5854 | D:7      | Reached skill level 5 in Dodging
  5859 | D:7      | Found a bloodstained altar of Trog.
  5911 | D:7      | Reached skill level 8 in Unarmed Combat
  5928 | D:7      | Found the +8 storm bow {elec, penet}
  5950 | D:7      | Reached skill level 1 in Armour
  6023 | D:7      | Reached skill level 7 in Fighting
  6220 | D:7      | Received a gift from Okawaru
  6439 | D:8      | Reached skill level 2 in Armour
  6478 | D:8      | Reached skill level 5 in Invocations
  6540 | D:8      | HP: 23/93 [bullfrog zombie (1)]
  6548 | D:8      | Reached XP level 10. HP: 32/102 MP: 10/12
  6555 | D:8      | HP: 22/102 [orc warrior/+0 glaive (15)]
  6696 | D:8      | Reached skill level 9 in Unarmed Combat
  6884 | D:8      | Noticed Joseph
  6893 | D:8      | Killed Joseph
  6893 | D:8      | Reached skill level 8 in Fighting
  6896 | D:8      | Reached skill level 3 in Armour
  7147 | D:9      | Found an ancient bone altar of Kikubaaqudgha.
  7203 | D:9      | Noticed a two-headed ogre
  7208 | D:9      | Killed a two-headed ogre
  7270 | D:9      | Found a hide-covered altar of Uskayaw.
  7594 | D:9      | Noticed a two-headed ogre
  7598 | D:9      | Killed a two-headed ogre
  7598 | D:9      | Reached skill level 10 in Unarmed Combat
  7601 | D:9      | Found a hazy altar of Hepliaklqana.
  7731 | D:10     | Entered Level 10 of the Dungeon
  7731 | D:10     | Noticed a two-headed ogre
  7736 | D:10     | Killed a two-headed ogre
  7736 | D:10     | Reached skill level 6 in Invocations
  7736 | D:10     | Reached XP level 11. HP: 99/113 MP: 11/14
  7810 | D:10     | HP: 27/113 [troll (12)]
  7816 | D:10     | HP: 27/113 [hungry ghost (1)]
  8322 | D:11     | Cast into level 1 of the Abyss (orc)
  8333 | Abyss:1  | Noticed a wretched star
  8419 | Abyss:1  | Noticed a sixfirhy
  8432 | Abyss:1  | HP: 18/113 [sixfirhy (11)]
  8433 | Abyss:1  | HP: 4/113 [sixfirhy (12)]
  8436 | Abyss:1  | Mangled by a sixfirhy

Levels and vault maps discovered:
D:1:      matt_arrival_spirals, layout_loops_ring, supply_closet_lemuel
D:2:      layout_loops_ring, overflow_temple_1_default,
          nicolae_overflow_crystal_walls, old_standard_altar, first_ration
D:3:      layout_basic, marbit_many_paths
D:4:      layout_basic, grunt_temple_overflow_forces_of_nature,
          gammafunk_temple_overflow_wave, minmay_temple_entry_trees,
          portal_sewer_entry_a, nrook_mini_backslash
D:5:      layout_gridville, kennysheep_little_box, xom_butterflies,
          gammafunk_temple_overflow_pools
D:6:      layout_gridville, minmay_misc_feat_enclosed, uniq_grinder
D:7:      layout_cave_pools, lemuel_crystal_altar, grunt_ogre_cave
D:8:      layout_rooms, uniq_joseph
D:9:      layout_loops_ring, overflow_temple_1_default, old_standard_altar,
          kiku_gazebo_garden_becter, nicolae_sextant
D:10:     layout_roguey
D:11:     layout_loops_ring, david_lair_generic
Abyss:1

Skill      XL: |  1  2  3  4  5  6  7  8  9 10 |
---------------+-------------------------------+-----
Fighting       | 3 4 5 6 7 8 |  8.9
Unarmed Combat | 4 5 6 7 8 10 | 10.4
Dodging        | 3 4 5 |  5.0
Invocations    | 1 2 3 4 5 6 |  6.2
Armour         | 2 3 |  3.9
Stealth        | |  1.3

Action                   |  1- 3 |  4- 6 |  7- 9 | 10-12 || total
-------------------------+-------+-------+-------+-------++-------
Melee: Unarmed           |   119 |   214 |   273 |   196 ||   802
       Punch             |     3 |     6 |    10 |    14 ||    33
Throw: Javelin           |       |     7 |    17 |     7 ||    31
       Stone             |       |     2 |       |       ||     2
Invok: Heroism           |       |     1 |     1 |     5 ||     7
       Finesse           |       |       |       |     3 ||     3
  Use: Scroll            |       |     1 |     4 |       ||     5
       Potion            |       |       |     1 |       ||     1
 Stab: Sleeping          |     1 |     4 |     3 |     3 ||    11
  Eat: Chunk             |    17 |    20 |    29 |    17 ||    83
Armor: Robe              |    39 |    54 |    61 |       ||   154
       Troll leather arm |       |       |    44 |    52 ||    96
Dodge: Dodged            |    59 |   119 |   195 |    86 ||   459

Table legend:
 A = Non-vault XP
 B = Vault XP
 C = Vault XP percentage of total XP
 D = Non-vault monster count
 E = Vault monster count
 F = Vault count percentage of total count
                 A         B        C        D         E       F
            +---------+---------+-------+---------+---------+-------
      Total |   11668 |     994 |   7.9 |     235 |      50 |  17.5
            +---------+---------+-------+---------+---------+-------
        D:1 |      27 |       0 |   0.0 |      13 |       0 |   0.0
        D:2 |      70 |       0 |   0.0 |      28 |       0 |   0.0
        D:3 |     263 |       1 |   0.4 |      42 |       1 |   2.3
        D:4 |     291 |      15 |   4.9 |       4 |       2 |  33.3
        D:5 |     772 |       0 |   0.0 |      17 |       0 |   0.0
        D:6 |    1198 |     258 |  17.7 |      27 |       1 |   3.6
        D:7 |    1906 |     118 |   5.8 |      34 |       1 |   2.9
        D:8 |    2289 |     450 |  16.4 |      32 |       1 |   3.0
        D:9 |    2459 |       0 |   0.0 |      19 |       0 |   0.0
       D:10 |    2170 |       0 |   0.0 |      16 |       0 |   0.0
       D:11 |       3 |       0 |   0.0 |       1 |       0 |   0.0
    Abyss:1 |     220 |       0 |   0.0 |       2 |       0 |   0.0
      Sewer |       0 |     152 | 100.0 |       0 |      44 | 100.0
            +---------+---------+-------+---------+---------+-------

Levels and vault maps discovered:
D:1:      matt_arrival_spirals, layout_loops_ring, supply_closet_lemuel
D:2:      layout_loops_ring, overflow_temple_1_default,
          nicolae_overflow_crystal_walls, old_standard_altar, first_ration
D:3:      layout_basic, marbit_many_paths
D:4:      layout_basic, grunt_temple_overflow_forces_of_nature,
          gammafunk_temple_overflow_wave, minmay_temple_entry_trees,
          portal_sewer_entry_a, nrook_mini_backslash
D:5:      layout_gridville, kennysheep_little_box, xom_butterflies,
          gammafunk_temple_overflow_pools
D:6:      layout_gridville, minmay_misc_feat_enclosed, uniq_grinder
D:7:      layout_cave_pools, lemuel_crystal_altar, grunt_ogre_cave
D:8:      layout_rooms, uniq_joseph
D:9:      layout_loops_ring, overflow_temple_1_default, old_standard_altar,
          kiku_gazebo_garden_becter, nicolae_sextant
D:10:     layout_roguey
D:11:     layout_loops_ring, david_lair_generic
Abyss:1

Table legend:
 A = Turns spent in this place as a percentage of turns spent in the entire game.
 B = Non-inter-level travel turns spent in this place as a percentage of non-inter-level travel turns spent in the entire game.
 C = Inter-level travel turns spent in this place as a percentage of turns spent in this place.
 D = Turns resting spent in this place as a percentage of non-inter-level travel turns spent in this place.
 E = Turns spent auto-exploring this place as a percentage of non-inter-level travel turns spent in this place.
 F = Non-inter-level travel turns spent in this place divided by the number of levels of this place that you've seen.
                   A       B       C       D       E      F
               +-------+-------+-------+-------+-------+----------------------
         Total | 100.0 | 100.0 |   4.1 |   3.7 |  73.0 | 622.5
       Dungeon |  93.6 |  93.3 |   4.4 |   3.9 |  75.5 | 686.3
         Abyss |   1.4 |   1.4 |   0.0 |   0.0 |   4.4 | 114.0
         Sewer |   5.1 |   5.3 |   0.0 |   0.0 |  46.4 | 429.0
               +-------+-------+-------+-------+-------+----------------------

Table legend:
 A = Kills in this place as a percentage of kills in entire the game.
 B = Kills by you in this place as a percentage of kills by you in the entire game.
 C = Kills by friends in this place as a percentage of kills by friends in the entire game.
 D = Other kills in this place as a percentage of other kills in the entire game.
 E = Experience gained in this place as a percentage of experience gained in the entire game.
 F = Experience gained in this place divided by the number of levels of this place that you have seen.
                   A       B       C       D       E      F
               +-------+-------+-------+-------+-------+----------------------
         Total | 100.0 | 100.0 |   N/A |   N/A | 100.0 | 974.0
       Dungeon |  83.9 |  83.9 |   N/A |   N/A |  97.1 | 1117.3
         Abyss |   0.7 |   0.7 |   N/A |   N/A |   1.7 | 220.0
         Sewer |  15.4 |  15.4 |   N/A |   N/A |   1.2 | 152.0
               +-------+-------+-------+-------+-------+----------------------
